 Dungeon Crawl Stone Soup version 0.30.1-4-g462c640d31 (webtiles) character file.

Game seed: 2964169656456410279

129 mortz the Sneak (level 5, 0/28 HPs)
             Began as a Kobold Enchanter on Sept 12, 2023.
             Was an Initiate of Dithmenos.
             Killed by divine providence
             ... invoked by an orc priest
              (16 damage)
             ... on level 4 of the Dungeon.
             The game lasted 00:16:34 (2570 turns).

mortz the Sneak (Kobold Enchanter)                  Turns: 2570, Time: 00:16:35

Health: 0/28       AC:  6    Str:  5    XL:     5   Next: 35%
Magic:  8/9        EV: 15    Int: 19    God:    Dithmenos [......]
Gold:   172        SH:  0    Dex: 15    Spells: 7/9 levels left

rFire   . . .        a - +1 dagger (speed)
rCold   . . .        (no shield)
rNeg    + . .        b - +0 robe
rPois   .            (no helmet)
rElec   .            p - +2 cloak
rCorr   .            s - +0 pair of gloves
SInv    .            (no boots)
Will    .....        l - amulet of magic regeneration
Stlth   ++++         r - ring of positive energy
HPRegen 0.24/turn    (no ring)
MPRegen 0.51/turn

%: no passive effects
@: no status effects
A: small, no large weapons, nightstalker 3
a: Renounce Religion


You were on level 4 of the Dungeon.
You worshipped Dithmenos.
Dithmenos was noncommittal.
You visited 1 branch of the dungeon, and saw 4 of its levels.

You collected 172 gold pieces.

Inventory:

Hand Weapons
 a - a +1 dagger of speed (weapon)
 t - a +1 dagger
Missiles
 g - 32 stones (quivered)
Armour
 b - a +0 robe (worn)
 k - a +0 leather armour
 p - a +2 cloak (worn)
 s - a +0 pair of gloves (worn)
Jewellery
 l - an amulet of magic regeneration (around neck)
 r - a ring of positive energy (left hand)
Wands
 o - a wand of flame (44)
Scrolls
 e - 2 scrolls of silence
 q - a scroll of fear {unknown}
Potions
 c - a potion of invisibility
 d - 2 potions of ambrosia
 f - 2 potions of might
 m - 2 potions of haste {unknown}
 n - 2 potions of curing {unknown}


   Skills:
 + Level 3.1 Short Blades
 - Level 2.7 Dodging
 + Level 5.0 Stealth
 + Level 2.9 Spellcasting
 + Level 3.6 Hexes
 + Level 1.2 Ice Magic
 + Level 0.8 Invocations


You had 7 spell levels left.
You knew the following spells:

 Your Spells              Type           Power      Damage    Failure   Level
a - Ensorcelled Hibernat  Hex/Ice        24%        N/A       9%          2

Your spell library contained the following spells:

 Spells                   Type           Power      Damage    Failure   Level
 Confusing Touch          Hex            16%        N/A       11%         3
 Tukima's Dance           Hex            16%        N/A       11%         3
 Dazzling Flash           Conj/Hex       18%        N/A       22%         3
 Sublimation of Blood     Necr           2%         N/A       24%         2
 Wereblood                Tmut           2%         N/A       24%         2
 Animate Dead             Necr           2%         N/A       83%         4
 Haunt                    Necr/Summ      1%         N/A       100%        7
 Summon Hydra             Summ           1%         N/A       100%        7
 Infestation              Necr           1%         N/A       100%        8


Dungeon Overview and Level Annotations

Branches:
Dungeon (4/15) Zot: 21445
 Temple: D:4-7

Altars:
Cheibriados
Dithmenos
Sif Muna

Shops:
D:2 (


Innate Abilities, Weirdness & Mutations

You are small and have problems with some larger weapons.
You are completely attuned to the shadows.


Message History

The ball python closely misses you.
You hit the ball python.
You kill the ball python!
Dithmenos accepts your kill.
Adjust (i)tems, (s)pells, or (a)bilities?
t - a +1 dagger of speed (weapon)
Adjust to which letter? (? for menu, Esc to quit)
a - a +1 dagger of speed (weapon);
t - a +1 dagger Unknown command.
You see here a ball python corpse.
You see here a +0 flail.
An orc priest comes into view. It is wielding a +0 trident.
Items here: )))) [.
The orc priest shouts! x2; You hear a bark!
Items here: )))) [.
Casting: Ensorcelled Hibernation (safe; 9% risk of failure)
Confirm with . or Enter, or press ? or * to list all spells.
Aiming: Ensorcelled Hibernation (safe; 9% risk of failure)
Press: ? - help, Shift-Dir - straight line, f - orc priest
Aim: an orc priest, wielding a +0 morningstar (chance to affect: 46%)
The orc priest resists with some effort.
The orc priest invokes the aid of Beogh against you.
Beogh smites you!
You hit the orc priest.
The orc priest is lightly wounded.
The orc priest barely misses you.
You hit the orc priest.
The orc priest is moderately wounded.
You hit the orc priest.
The orc priest is heavily wounded.
The orc priest closely misses you.
You hit the orc priest but do no damage.
The orc priest is heavily wounded.
A jackal comes into view.
You closely miss the orc priest.
The orc priest is heavily wounded.
The orc priest calls down the wrath of Beogh upon you.
Beogh smites you!
Ouch! That really hurt!
You die...

#.. #... ....
########...#
#..†).@oo...
##.######....
#....... .h..
#....... ....
#....).. ..S.
##.##### #.#
.#. #.# ....
#.#


You could see 2 orc priests and a jackal.

Vanquished Creatures
  An orc priest (D:4)
  Crazy Yiuf (D:2)
  An adder (D:2)
  A dart slug (D:1)
  7 orcs
  8 ball pythons
  5 endoplasms
  2 giant cockroaches
  2 hobgoblins
  4 jackals
  A quokka (D:1)
  4 bats
  A frilled lizard (D:2)
  8 goblins
  2 kobolds
  4 rats
52 creatures vanquished.

Notes
Turn   | Place    | Note
-------+----------+-------------------------------------------
     0 | D:1      | mortz the Kobold Enchanter began the quest for the Orb.
     0 | D:1      | Reached XP level 1. HP: 10/10 MP: 3/3
   181 | D:1      | Reached XP level 2. HP: 15/15 MP: 5/5
   329 | D:1      | Learned a level 2 spell: Ensorcelled Hibernation
   427 | D:1      | Reached XP level 3. HP: 19/19 MP: 6/6
  1246 | D:2      | Reached XP level 4. HP: 23/24 MP: 4/7
  1321 | D:2      | Found a runed translucent door.
  1324 | D:2      | Noticed Crazy Yiuf
  1329 | D:2      | Killed Crazy Yiuf
  1330 | D:2      | Reached skill level 1 in Ice Magic
  1429 | D:2      | Found Dase's Antique Weapon Emporium.
  1607 | D:3      | Found a shimmering blue altar of Sif Muna.
  1671 | D:3      | Found a shadowy altar of Dithmenos.
  1676 | D:3      | Became a worshipper of Dithmenos the Shadowed
  1743 | D:3      | Found a snail-covered altar of Cheibriados.
  2493 | D:4      | Reached XP level 5. HP: 28/28 MP: 9/9
  2534 | D:4      | Reached skill level 5 in Stealth
  2570 | D:4      | Killed from afar by an orc priest

Illustrated notes

Levels and vault maps discovered:
D:1:      eino_arrival_tree_alley, layout_basic, minmay_tiny_reverse_x
D:2:      layout_rooms, serial_shops, shop, st_stairs_13,
          uniq_crazy_yiuf_cottage
D:3:      layout_basic, grunt_dithmenos_smoke, mainiacjoe_overflow_boulevard,
          mainiacjoe_overflow_tiny_flanked
D:4:      layout_basic, gammafunk_ghost_grave

Skill      XL: |  1  2  3  4  5 |
---------------+----------------+-----
Short Blades   | 2 3 |  3.1
Ice Magic      | 1 |  1.2
Stealth        | 5 |  5.0
Dodging        | |  2.7
Spellcasting   | |  2.9
Hexes          | |  3.6
Invocations    | |  0.8

Action                     |  1- 3 |  4- 6 || total
---------------------------+-------+-------++-------
  Melee: Dagger            |    89 |    46 ||   135
         Punch             |     2 |     1 ||     3
  Throw: Stone             |     2 |       ||     2
   Cast: Ensorcelled Hiber |     1 |    10 ||    11
    Use: Potion            |     1 |       ||     1
         Scroll            |     2 |     6 ||     8
   Stab: Sleeping          |    17 |    10 ||    27
         Distracted        |     1 |       ||     1
 Armour: Robe              |    15 |     8 ||    23
  Dodge: Dodged            |    71 |    31 ||   102
